 Dungeon Crawl Stone Soup version 0.31-a0-265-gcf7e37af1d (webtiles) character file.

Game seed: 15281676155729149807

91 qw the Shooter (level 4, -4/36 HPs)
             Began as a Minotaur Hexslinger on July 13, 2023.
             Slain by Terence
             ... wielding a +0 trident
              (10 damage)
             ... on level 2 of the Dungeon.
             The game lasted 00:00:35 (1572 turns).

qw the Shooter (Minotaur Hexslinger)                Turns: 1572, Time: 00:00:36

Health: -4/36      AC:  3    Str: 13    XL:     4   Next: 34%
Magic:  4/4        EV: 12    Int: 10    God:
Gold:   71         SH:  0    Dex: 14    Spells: 4/5 levels left

rFire   . . .        Y - +3 sling
rCold   . . .        (no shield)
rNeg    . . .        f - +0 leather armour
rPois   .            (helmet restricted)
rElec   .            (no cloak)
rCorr   .            (no gloves)
SInv    .            (no boots)
Will    +....        (no amulet)
Stlth   +            d - ring of willpower
HPRegen 0.26/turn    (no ring)
MPRegen 0.09/turn

%: no passive effects
@: no status effects
A: horns 2, retaliatory headbutt
a: no special abilities


You were on level 2 of the Dungeon.
You visited 1 branch of the dungeon, and saw 2 of its levels.

You collected 71 gold pieces.


Innate Abilities, Weirdness & Mutations

You have a pair of horns on your head.
You reflexively headbutt those who attack you in melee.


   Skills:
 - Level 2.0 Fighting
 + Level 4.9 Ranged Weapons
 - Level 2.1 Dodging
 - Level 1.0 Spellcasting
 - Level 2.0 Hexes


You had 4 spell levels left.
You knew the following spells:

 Your Spells              Type           Power      Damage    Failure   Level
a - Slow                  Hex            16%        N/A       19%         1

Your spell library contained the following spells:

 Spells                   Type           Power      Damage    Failure   Level
 Inner Flame              Hex/Fire       2%         N/A       65%         3
 Portal Projectile        Hex/Tloc       4%         N/A       65%         3
 Cause Fear               Hex            2%         N/A       88%         4

Inventory:

Hand Weapons
 Y - a +3 sling (weapon)
Armour
 f - a +0 leather armour (worn)
Jewellery
 d - a ring of willpower (left hand)
Scrolls
 b - a scroll of amnesia {unknown}
Potions
 a - a potion of degeneration {unknown}
 c - a potion of enlightenment {unknown}
 i - a potion of curing {unknown}
 j - a potion of resistance {unknown}
 m - a potion of cancellation

Dungeon Overview and Level Annotations

Branches:
Dungeon (2/15)

Altars:

Annotations:
D:2 1 runed translucent door, Crazy Yiuf, Terence


Message History

The sling bullet closely misses Terence.
The sling bullet barely misses the rat.
Terence says, "You're history."
Terence hits you but does no damage.
You shoot a sling bullet.
The sling bullet closely misses Terence.
Terence hits you from afar with a +0 trident!
You shoot a sling bullet.
The sling bullet completely misses the rat.
Terence barely misses you. The rat bites you but does no damage.
You shoot a sling bullet. The sling bullet hits the rat!
You kill the rat!
Terence hits you from afar with a +0 trident.
You shoot a sling bullet. The sling bullet hits Terence.
Terence is lightly wounded.
Terence barely misses you.
You shoot a sling bullet. The sling bullet hits Terence.
Terence is moderately wounded.
Terence hits you from afar with a +0 trident.
Terence hits you but does no damage.
You shoot a sling bullet.
The sling bullet closely misses Terence.
Terence closely misses you.
You shoot a sling bullet.
The sling bullet hits Terence but does no damage.
Terence is moderately wounded.
Terence hits you from afar with a +0 trident!
You shoot a sling bullet.
The sling bullet hits Terence but does no damage.
Terence is moderately wounded.
Terence completely misses you.
You shoot a sling bullet.
The sling bullet hits Terence but does no damage.
Terence is moderately wounded.
Terence hits you from afar with a +0 trident.
You shoot a sling bullet.
The sling bullet hits Terence but does no damage.
Terence is moderately wounded.
Terence hits you from afar with a +0 trident!
You die...

####### ###### # .......
#....# # .......
#....########## .......
#.............. ......@
#..........)...
......%###..............
.......@......).........
..............%.........
.............:......[...
........................
........................
..............#.........
.......########.########
.###### #.##...# #
##############.####.# #


You could see Terence.

Vanquished Creatures
  4 gnolls (D:2)
  2 adders (D:2)
  A ball python (D:1)
  3 bats
  2 endoplasms (D:1)
  2 giant cockroaches (D:1)
  4 goblins
  4 hobgoblins
  A quokka (D:2)
  8 kobolds
  6 rats
37 creatures vanquished.

Notes
Turn   | Place    | Note
-------+----------+-------------------------------------------
     0 | D:1      | qw the Minotaur Hexslinger began the quest for the Orb.
     0 | D:1      | Reached XP level 1. HP: 16/16 MP: 1/1
     0 | D:1      | 0 ||| qw: Version: 0.3-a-52-g30416fa
     0 | D:1      | 0 ||| qw: Game counter: 7643
     0 | D:1      | 0 ||| qw: Melee chars always use a shield: true
     0 | D:1      | 0 ||| qw: God list: Okawaru
     0 | D:1      | 0 ||| qw: Allow faded altars: false
     0 | D:1      | 0 ||| qw: Do Orc after clearing Dungeon:15 true
     0 | D:1      | 0 ||| qw: Do second Lair branch before Depths: true
     0 | D:1      | 0 ||| qw: Lair rune preference: random
     0 | D:1      | 0 ||| qw: Goals: Normal
     0 | D:1      | 0 ||| PLANNING D:1-11
   278 | D:1      | Reached skill level 3 in Ranged Weapons
   278 | D:1      | Reached XP level 2. HP: 23/23 MP: 2/2
   775 | D:1      | 775 ||| UPGRADING to +0 leather armour.
   785 | D:1      | 785 ||| DROPPING +0 robe.
   786 | D:1      | 786 ||| UPGRADING to ring of willpower.
   787 | D:1      | 787 ||| READING scroll labelled BUTUPA KOSEO.
   788 | D:1      | 788 ||| READING scroll labelled IRABOU DIEXKAJ.
   789 | D:1      | 789 ||| READING scroll labelled EBREWUGIUC.
   790 | D:1      | 790 ||| READING scroll labelled ESHREU UG KIAV.
   791 | D:1      | 791 ||| READING scroll labelled FAMEOR BELU.
   892 | D:1      | 892 ||| DRINKING 2 viscous pink potions.
   919 | D:1      | 919 ||| DRINKING 2 fizzy golden potions.
   920 | D:1      | 920 ||| DROPPING scroll of poison.
   921 | D:1      | 921 ||| DROPPING potion of lignification.
  1041 | D:2      | Reached XP level 3. HP: 29/29 MP: 3/3
  1045 | D:2      | Reached skill level 4 in Ranged Weapons
  1296 | D:2      | Reached XP level 4. HP: 30/36 MP: 4/4
  1399 | D:2      | Found a runed translucent door.
  1400 | D:2      | Noticed Crazy Yiuf
  1511 | D:2      | 1511 ||| READING scroll of enchant weapon.
  1511 | D:2      | 1511 ||| ENCHANTING +2 sling.
  1559 | D:2      | Noticed Terence
  1571 | D:2      | HP: 5/36 [Terence/+0 trident (6)]
  1572 | D:2      | Slain by Terence

Levels and vault maps discovered:
D:1:      lemuel_arrival_lava_pool, layout_loops_ring, serial_bayou_ford_a,
          minmay_misc_feat_secret_circle
D:2:      layout_basic, uniq_crazy_yiuf_cottage, uniq_terence

Skill      XL: |  1  2  3 |
---------------+----------+-----
Ranged Weapons | 3 4 |  4.9
Fighting       | 2 |  2.0
Dodging        | |  2.1
Spellcasting   | |  1.0
Hexes          | |  2.0

Action                     |  1- 3 |  4- 6 || total
---------------------------+-------+-------++-------
   Fire: Sling             |    95 |    28 ||   123
    Use: Scroll            |     5 |     1 ||     6
         Potion            |     2 |       ||     2
 Armour: Robe              |     4 |       ||     4
         Leather armour    |     4 |     3 ||     7
  Dodge: Dodged            |    31 |    10 ||    41

Table legend:
 A = Non-vault XP
 B = Vault XP
 C = Vault XP percentage of total XP
 D = Non-vault monster count
 E = Vault monster count
 F = Vault count percentage of total count
                 A         B        C        D         E       F
            +---------+---------+-------+---------+---------+-------
      Total |     131 |       0 |   0.0 |      37 |       0 |   0.0
            +---------+---------+-------+---------+---------+-------
        D:1 |      27 |       0 |   0.0 |      16 |       0 |   0.0
        D:2 |     104 |       0 |   0.0 |      21 |       0 |   0.0
            +---------+---------+-------+---------+---------+-------
